 Seeded DCSS version 0.29.1-15-g9cfb28693d (webtiles) character file.

Game seed: 16812088435827037613 (custom seed)

303 Psyclone the Stinger (level 6, 0/36 HPs)
             Began as an Octopode Venom Mage on Sept 26, 2023.
             Slain by a gnoll
             ... wielding a +0 club
              (3 damage)
             ... on level 3 of the Dungeon.
             The game lasted 00:11:07 (5359 turns).

Psyclone the Stinger (Octopode Venom Mage)          Turns: 5359, Time: 00:11:08

Health: 0/36       AC:  1    Str:  7    XL:     6   Next: 38%
Magic:  1/12       EV: 13    Int: 19    God:
Gold:   175        SH:  0    Dex: 19    Spells: 3/13 levels left

rFire   . . .      SeeInvis .   a - +2 short sword (speed)
rCold   . . .      Faith    .   (no shield)
rNeg    . . .      Spirit   .   (helmet restricted)
rPois   .          Reflect  .   (no amulet)
rElec   .          Harm     .   c - +6 ring of dexterity
rCorr   .          Rampage  .   (no ring)
Will    .....                   (no ring)
Stlth   +++.......              (no ring)
HPRegen 0.12/turn               (no ring)
MPRegen 0.13/turn               (no ring)
                                (no ring)
                                (no ring)

@: no status effects
A: almost no armour, amphibious, 8 rings, camouflage 1, gelatinous body 1,
(nimble swimmer 1), tentacles
a: no special abilities


You were on level 3 of the Dungeon.
You visited 1 branch of the dungeon, and saw 3 of its levels.

You collected 175 gold pieces.

Inventory:

Hand Weapons
 a - a +2 short sword of speed (weapon)
Jewellery
 c - a +6 ring of dexterity (left tentacle)
Wands
 l - a wand of paralysis (9)
Scrolls
 e - a scroll of blinking {unknown}
 f - 2 scrolls of teleportation {unknown}
 g - 2 scrolls of poison {unknown}
 h - a scroll of noise {unknown}
 j - 6 scrolls of identify {unknown}
 m - 2 scrolls of amnesia {unknown}
 n - a scroll of immolation {unknown}
Potions
 b - 3 potions of lignification {unknown}
 d - a potion of magic
 i - a potion of attraction {unknown}
 k - 2 potions of ambrosia {unknown}
 o - 2 potions of might {unknown}
 p - a potion of flight {unknown}
 q - a potion of curing {unknown}


   Skills:
 - Level 2.0 Dodging
 - Level 2.6 Stealth
 - Level 4.0 Spellcasting
 - Level 1.0 Transmutations
 + Level 7.0 Poison Magic


You had 3 spell levels left.
You knew the following spells:

 Your Spells              Type           Power      Damage    Failure   Level
a - Poisonous Vapours     Pois/Air       34%        N/A       4%          2
r - Swiftness             Air            3%         N/A       38%         3
v - Sting                 Tmut/Pois      76%        1d6       2%          1
x - Olgreb's Toxic Radia  Pois           30%        N/A       8%          4

Your spell library contained the following spells:

 Spells                   Type           Power      Damage    Failure   Level
 Summon Small Mammal      Summ           12%        N/A       14%         1
 Mephitic Cloud           Conj/Pois/Air  12%        N/A       16%         3
 Passwall                 Tmut/Erth      4%         N/A       17%         2
 Ensorcelled Hibernation  Hex/Ice        6%         N/A       21%         2
 Call Canine Familiar     Summ           3%         N/A       38%         3
 Summon Guardian Golem    Hex/Summ       3%         N/A       38%         3


Dungeon Overview and Level Annotations

Branches:
Dungeon (3/15) Zot: 12664

Altars:

Shops:
D:1 [


Innate Abilities, Weirdness & Mutations

You cannot wear most types of armour.
You are amphibious.
You can wear up to eight rings at the same time.
Your skin changes colour to match your surroundings (Stealth+).
Your rubbery body absorbs attacks. (AC +1, EV +1)
((You are camouflaged when in or above water. (Stealth+)))
You have tentacles for arms and can constrict up to eight enemies at once.


Message History

Casting: Poisonous Vapours (safe; 4% risk of failure)
Confirm with . or Enter, or press ? or * to list all spells.
Aiming: Poisonous Vapours (safe; 4% risk of failure)
Press: ? - help, Dir - move target, f/p - kobold
Aim: a kobold, wielding a +0 club (severely wounded, poisoned) Poisonous vapours surround the kobold!
The kobold looks even sicker.
You now have 1/12 mp.
You feel a bit more experienced.
You start resting.
A gnoll comes into view. It is wielding a +0 club.
You regained 2 hp, and now have 10/36 hp.
You regained 2 mp, and now have 4/12 mp.
A kobold comes into view. It is wielding a +0 club.
Casting: Poisonous Vapours (safe; 4% risk of failure)
Confirm with . or Enter, or press ? or * to list all spells.
Aiming: Poisonous Vapours (safe; 4% risk of failure)
Press: ? - help, Dir - move target, f - gnoll
Aim: a gnoll, wielding a +0 club (wandering, hasn't noticed you) Poisonous vapours surround the gnoll!
The gnoll is poisoned.
The kobold shouts!
You now have 2/12 mp.
Casting: Poisonous Vapours (safe; 4% risk of failure)
Confirm with . or Enter, or press ? or * to list all spells.
Aiming: Poisonous Vapours (safe; 4% risk of failure)
Press: ? - help, Dir - move target, f/p - gnoll
Aim: a gnoll, wielding a +0 club (poisoned) Poisonous vapours surround the gnoll!
The gnoll looks even sicker.
The gnoll hits you with a +0 club.
* * * LOW HITPOINT WARNING * * *
You take 1 damage, and have 9/36 hp.
You now have 1/12 mp.
A kobold and a gnoll come into view.
The gnoll shouts!
You hear a shout!
A kobold comes into view. It is wielding a +0 club.
The kobold misses you.
You hear a shout!
The gnoll hits you with a +0 club.
* * * LOW HITPOINT WARNING * * *
You take 6 damage, and have 3/36 hp.
The gnoll hits you with a +0 club.
You die...

#########.....###########.#######
.................................
.................................
.....)~.~~~~..~~~~~~...~~..~.~~~~
...~~)~~~~~≈~~~~≈~≈~~~~~~~≈~≈~~~~
..~≈≈≈~≈≈≈≈≈≈≈≈≈≈≈≈≈≈≈≈≈≈≈≈≈≈~≈~≈
.).~≈≈≈~≈≈≈≈≈≈≈≈≈≈≈≈≈≈≈≈≈#####≈≈≈
'######################### #≈≈≈
..# #.....@........# #≈≈≈ ..#
+..†...gK......# #≈≈≈
..#########...........gK.# ##≈≈≈
.).#..........########.... #≈≈≈≈
.).'..........# ..K #≈≈≈≈
...#.........(######## .. #≈≈≈≈
..#########..))...K... ##≈≈≈ ..#
+........... #≈≈≈ ..#
#........... #≈≈≈


You could see 2 gnolls and 2 kobolds.

Vanquished Creatures
  A kobold brigand (D:3)
  Crazy Yiuf (D:3)
  Natasha (thrice) (D:2)
  An adder (D:2)
  3 gnolls (D:3)
  A worm (D:2)
  2 dart slugs (D:2)
  5 orcs (D:3)
  2 giant cockroaches (D:1)
  10 goblins
  6 hobgoblins
  30 kobolds
  5 quokkas
  8 ball pythons
  5 bats
  2 frilled lizards (D:2)
  2 rats
87 creatures vanquished.

Vanquished Creatures (others)
  5 fungi (D:3)
5 creatures vanquished.

Grand Total: 92 creatures vanquished

Notes
Turn   | Place    | Note
-------+----------+-------------------------------------------
     0 | D:1      | Psyclone the Octopode Venom Mage began the quest for the
                  | Orb.
     0 | D:1      | Reached XP level 1. HP: 11/11 MP: 3/3
   319 | D:1      | Reached skill level 4 in Poison Magic
   328 | D:1      | Reached XP level 2. HP: 7/17 MP: 3/5
   914 | D:1      | Found Tifises's Antique Armour Emporium.
  1203 | D:1      | Learned a level 2 spell: Poisonous Vapours
  1428 | D:1      | Reached XP level 3. HP: 21/21 MP: 1/6
  1512 | D:1      | Reached skill level 5 in Poison Magic
  2383 | D:2      | Learned a level 3 spell: Swiftness
  2685 | D:2      | Noticed Natasha
  2695 | D:2      | Killed Natasha
  2696 | D:2      | Reached skill level 6 in Poison Magic
  2696 | D:2      | Reached XP level 4. HP: 10/27 MP: 0/7
  3444 | D:2      | Noticed Natasha
  3455 | D:2      | Killed Natasha
  3668 | D:2      | Noticed Natasha
  3683 | D:2      | Killed Natasha
  3684 | D:2      | Reached XP level 5. HP: 14/31 MP: 0/9
  3999 | D:3      | Identified the +9 hammer of Chaos {venom, Dex+4}
  4014 | D:3      | Found a runed translucent door.
  4015 | D:3      | Noticed Crazy Yiuf
  4036 | D:3      | Killed Crazy Yiuf
  4593 | D:3      | Learned a level 4 spell: Olgreb's Toxic Radiance
  4990 | D:3      | Reached XP level 6. HP: 25/36 MP: 2/12
  5315 | D:3      | Reached skill level 7 in Poison Magic
  5359 | D:3      | Slain by a gnoll

Illustrated notes

Levels and vault maps discovered:
D:1:      sevenhm_arrival_forest_fort_large_2, layout_loops_corners,
          serial_shops, shop, minivault_27
D:2:      layout_basic, uniq_natasha
D:3:      minmay_goblin_kobold_castle, layout_basic, uniq_crazy_yiuf_cottage

Skill      XL: |  1  2  3  4  5  6 |
---------------+-------------------+-----
Poison Magic   | 4 6 7 |  7.0
Spellcasting   | 3 4 |  4.0
Dodging        | |  2.0
Stealth        | |  2.6
Transmutations | |  1.0

Action                   |  1- 3 |  4- 6 || total
-------------------------+-------+-------++-------
Melee: Dagger            |    39 |       ||    39
       Tentacles         |     7 |    18 ||    25
       Constrict         |    11 |    27 ||    38
       Unarmed           |     1 |       ||     1
       Punch             |     1 |       ||     1
       Short sword       |    10 |    78 ||    88
 Cast: Sting             |    12 |     1 ||    13
       Poisonous Vapours |    38 |    60 ||    98
 Stab: Sleeping          |     3 |     1 ||     4
Armor: Skin              |     7 |     5 ||    12
Dodge: Dodged            |    29 |    41 ||    70
